 Dungeon Crawl Stone Soup version 0.30-a0-393-g54b8e3be05 (webtiles) character file.

Game seed: 15548775009705483878

541626 oldriver the Sorcerer (level 24, -8/190 HPs)
             Began as a Mummy Necromancer on Dec 5, 2022.
             Was the Champion of Hepliaklqana.
             Mangled by a purple draconian
             ... wielding a +0 scimitar
              (11 damage)
             ... on level 4 of the Realm of Zot on Dec 6, 2022.
             The game lasted 04:00:44 (97373 turns).

oldriver the Sorcerer (Mummy Necromancer)          Turns: 97373, Time: 04:00:45

Health: -8/190     AC: 24    Str: 19 (21) XL:     24   Next: 76%
Magic:  33/53      EV: 21    Int: 27      God:    Hepliaklqana [******]
Gold:   8316       SH:  9    Dex: 17 (18) Spells: 25/76 levels left

rFire   + . .      SeeInvis +    F - +3 greatsling "Punk" {acid, rCorr}
rCold   + . .      Faith    +    s - +3 buckler {reflect}
rNeg    + + +      Spirit   .    A - +5 steam dragon scales
rPois   ∞          Reflect  +    M - +2 helmet {SInv}
rElec   +          Harm     .    g - +2 cloak {Will+}
rCorr   +          Rampage  +    O - +2 pair of gloves of Idealism {Rampage rElec rCorr Dex+2}
Will    +++++                    h - +0 pair of boots "Ufial" {rCorr Int+5}
Stlth   ++++......               m - amulet of magic regeneration
HPRegen 0.51/turn                G - ring "Bush" {rF+ Will+ Str+4 Int-2}
MPRegen 0.73/turn                I - ring of Xom's Capriciousness {+Blink rPois rF+ Str+4 Dex+4}

@: studying Long Blades
A: reduced essence, cold resistance 1, negative energy resistance 3, torment
resistance 2, heat vulnerability 1, in touch with death 2, no potions, faith
}: 3/15 runes: decaying, slimy, gossamer
a: Renounce Religion, Evoke Blink, Recall Ancestor, Ancestor Identity,
Transference, Idealise


You were on level 4 of the Realm of Zot.
You worshipped Hepliaklqana.
Hepliaklqana was exalted by your worship.
You visited 12 branches of the dungeon, and saw 53 of its levels.
You also visited: Ossuary, Gauntlet and Desolation.

You collected 9761 gold pieces.
You spent 1445 gold pieces at shops.

Inventory:

Hand Weapons
 j - the +7 battleaxe of Grim Resourcefulness {flame, rC+ Str+6 Int+2}
   (You found it on level 3 of the Crypt)

   It burns those it strikes, dealing additional fire damage.
   Big, fiery blades are also staple armaments of hydra-hunters.
   Str:       It affects your strength (+6).
   Int:       It affects your intelligence (+2).
   rC:        It protects you from cold.
 F - the +3 greatsling "Punk" (weapon) {acid, rCorr}
   (You found it on level 4 of the Swamp)

   Any ammunition fired from it is coated in acid, damaging and corroding those
   it strikes.
   rCorr:     It protects you from acid and corrosion.
 L - the +10 spear of the Visions {venom, rElec rF+}
   (You found it on level 5 of the Pits of Slime)

   It poisons the flesh of those it strikes.
   rF:        It protects you from fire.
   rElec:     It insulates you from electricity.
 U - the +6 Majin-Bo {vamp, MP+6 Int+6}
   (You found it on level 3 of the Depths)

   It heals its wielder for a portion of the damage dealt when they wound a
   living foe with it or with a spell.
   Its wielder's spells cost health as well as magical power.
   Int:       It affects your intelligence (+6).
   MP:        It affects your magic capacity (+6).
Armour
 g - a +2 cloak of willpower (worn)
 h - the +0 pair of boots "Ufial" (worn) {rCorr Int+5}
   (You acquired it on level 3 of the Depths)

   Int:       It affects your intelligence (+5).
   rCorr:     It protects you from acid and corrosion.
 s - a +3 buckler of reflection (worn)
 A - +5 steam dragon scales (worn)
 M - a +2 helmet of see invisible (worn)
 O - the +2 pair of gloves of Idealism (worn) {Rampage rElec rCorr Dex+2}
   (You found it in a Gauntlet)

   Dex:       It affects your dexterity (+2).
   rElec:     It insulates you from electricity.
   rCorr:     It protects you from acid and corrosion.
   Rampage:   It bestows one free step when moving towards enemies.
Jewellery
 m - an amulet of magic regeneration (around neck)
 v - the ring "Icoryf" {Will+ AC+4}
   (You took it off a skeletal warrior on level 3 of the Crypt)

   [ring of protection]

   AC:        It affects your AC (+4).
   Will:      It increases your willpower.
 w - an amulet of the acrobat
 y - the ring of Noon {Ice Str+2 Slay+3}
   (You took it off Josephina on level 3 of the Crypt)

   [ring of ice]

   It enhances your ice magic.
   Str:       It affects your strength (+2).
   Slay:      It affects your accuracy & damage with ranged weapons and melee
   (+3).
   rF:        It makes you vulnerable to fire.
   rC:        It protects you from cold.
 B - a ring of protection from cold
 C - the amulet "Ymuluz" {Regen+ Int+6}
   (You found it on level 1 of the Elven Halls)

   [amulet of regeneration]

   Int:       It affects your intelligence (+6).
   Regen:     It increases your rate of health regeneration.
 E - a ring of protection from fire
 G - the ring "Bush" (left hand) {rF+ Will+ Str+4 Int-2}
   (You bought it in a shop on level 1 of the Orcish Mines)

   [ring of willpower]

   Str:       It affects your strength (+4).
   Int:       It affects your intelligence (-2).
   rF:        It protects you from fire.
   Will:      It increases your willpower.
 H - a ring of magical power
 I - the ring of Xom's Capriciousness (right hand) {+Blink rPois rF+ Str+4 Dex+4}
   (You found it in a Gauntlet)

   [ring of poison resistance]

   Str:       It affects your strength (+4).
   Dex:       It affects your dexterity (+4).
   rF:        It protects you from fire.
   rPois:     It protects you from poison.
   +Blink:    It lets you blink.
 N - the ring "Kotselept" {Int+6 Dex+4}
   (You found it on level 1 of the Elven Halls)

   [ring of intelligence]

   Int:       It affects your intelligence (+6).
   Dex:       It affects your dexterity (+4).
Wands
 c - a wand of paralysis (62)
 n - a wand of acid (31)
 r - a wand of digging (26)
 x - a wand of polymorph (14)
 z - a wand of mindburst (14)
 D - a wand of roots (37)
 S - a wand of flame (77)
Scrolls
 a - 9 scrolls of teleportation
 b - 14 scrolls of vulnerability
 d - 2 scrolls of enchant armour
 e - 3 scrolls of fear
 f - 3 scrolls of enchant weapon
 i - 3 scrolls of torment
 k - 4 scrolls of amnesia
 l - 9 scrolls of fog
 o - 7 scrolls of noise
 p - 4 scrolls of immolation
 q - 5 scrolls of poison
 t - a scroll of summoning
 u - 3 scrolls of magic mapping
 J - a scroll of blinking
Miscellaneous
 K - a lightning rod (4/4)
 P - a phantom mirror
 Q - a phial of floods
 T - a piece from Xom's chessboard (15/15)


   Skills:
 + Level 22.7 Fighting
 + Level 11.5 Armour
 - Level 15.0 Dodging
 - Level 8.0 Stealth
 - Level 7.0 Shields
 + Level 26.6 Spellcasting
 - Level 14.0 Conjurations
 - Level 7.0 Necromancy
 + Level 4.8 Translocations
 - Level 2.0 Air Magic
 + Level 13.5 Earth Magic
 - Level 5.0 Invocations


You had 25 spell levels left.
You knew the following spells:

 Your Spells              Type           Power      Damage    Failure   Level
a - Necrotise             Necr           100%       1d9       1%          1
b - Vampiric Draining     Necr           100%       2d13      1%          3
c - Animate Dead          Necr           100%       N/A       1%          4
d - Blink                 Tloc           100%       N/A       1%          2
f - Iskenderun's Battles  Conj           84%        2d13      1%          5
i - Iron Shot             Conj/Erth      41%        9d8       1%          6
l - Lee's Rapid Deconstr  Erth           41%        3d20*     1%          5
o - Orb of Destruction    Conj           42%        9d12      2%          7
p - Passwall              Tmut/Erth      53%        N/A       1%          2
s - Stone Arrow           Conj/Erth      100%       3d13      0%          3
v - Borgnjor's Vile Clut  Necr/Erth      58%        N/A       1%          5
w - Swiftness             Air            46%        N/A       1%          3
x - Iskenderun's Mystic   Conj/Tloc      72%        2d15      1%          4
z - Sandblast             Erth           100%       2d20      0%          1

Your spell library contained the following spells:

 Spells                   Type           Power      Damage    Failure   Level
 Magic Dart               Conj           100%       1d8       0%          1
 Freeze                   Ice            100%       1d10      1%          1
 Shock                    Conj/Air       100%       1d9       1%          1
 Slow                     Hex            100%       N/A       1%          1
 Summon Small Mammal      Summ           100%       N/A       1%          1
 Call Imp                 Summ           35%        N/A       1%          2
 Cigotuvi's Dreadful Rot  Necr/Pois/Air  100%       N/A       1%          2
 Scorch                   Fire           70%        2d9       1%          2
 Dazzling Flash           Conj/Hex       100%       N/A       1%          3
 Gell's Gravitas          Tloc           58%        N/A       1%          3
 Hailstorm                Conj/Ice       65%        3d14      1%          3
 Kindle Blastsparks       Fire/Tloc/Air  96%        2d18      1%          3
 Lesser Beckoning         Tloc           100%       N/A       1%          3
 Mephitic Cloud           Conj/Pois/Air  59%        N/A       1%          3
 Portal Projectile        Hex/Tloc       98%        N/A       1%          3
 Teleport Other           Tloc           58%        N/A       1%          3
 Flame Wave               Conj/Fire      65%        2d15      1%          4
 Fulminant Prism          Conj/Hex       32%        3d16      1%          4
 Leda's Liquefaction      Hex/Erth       32%        N/A       1%          4
 Passage of Golubria      Tloc           58%        N/A       1%          4
 Petrify                  Tmut/Erth      64%        N/A       1%          4
 Sticky Flame             Conj/Fire      65%        2d8       1%          4
 Agony                    Necr           100%       N/A       1%          5
 Fireball                 Conj/Fire      32%        3d14      1%          5
 Lightning Bolt           Conj/Air       34%        1d51      1%          5
 Call Canine Familiar     Summ           35%        N/A       3%          3
 Confusing Touch          Hex            35%        N/A       3%          3
 Frozen Ramparts          Ice            70%        1d11      3%          3
 Inner Flame              Hex/Fire       35%        N/A       3%          3
 Ozocubu's Armour         Ice            35%        N/A       3%          3
 Summon Guardian Golem    Hex/Summ       35%        N/A       3%          3
 Freezing Cloud           Conj/Ice/Air   29%        6-21      3%          5
 Airstrike                Air            23%        2d(4-20)  4%          4
 Conjure Ball Lightning   Conj/Air       34%        3x3d11    6%          6
 Summon Lightning Spire   Summ/Air       41%        N/A       7%          4
 Starburst                Conj/Fire      32%        6d10      9%          6
 Olgreb's Toxic Radiance  Pois           35%        N/A       10%         4
 Summon Ice Beast         Ice/Summ       35%        N/A       10%         4
 Summon Forest            Summ/Tloc      24%        N/A       10%         5
 Silence                  Hex/Air        20%        N/A       19%         5
 Dispersal                Tloc           29%        N/A       21%         6
 Lehudib's Crystal Spear  Conj/Erth      41%        10d10     24%         8
 Alistair's Intoxication  Tmut/Pois      23%        N/A       28%         5
 Metabolic Englaciation   Hex/Ice        17%        N/A       28%         5
 Summon Mana Viper        Hex/Summ       35%        N/A       28%         5
 Simulacrum               Ice/Necr       44%        N/A       36%         6
 Spellforged Servitor     Conj/Summ      32%        N/A       43%         7
 Eringya's Noxious Bog    Tmut/Pois      17%        N/A       83%         6
 Summon Cactus Giant      Summ           17%        N/A       83%         6
 Haunt                    Necr/Summ      44%        N/A       90%         7
 Infestation              Necr           52%        N/A       98%         8
 Ozocubu's Refrigeration  Ice            17%        4d11      100%        7
 Summon Hydra             Summ           17%        N/A       100%        7
 Ignition                 Fire           17%        3d7       100%        8
 Maxwell's Capacitive Co  Air            23%        ∞         100%        8
 Polar Vortex             Ice            17%        N/A       100%        9
 Sublimation of Blood     Necr           Unusable   N/A       N/A         2
 Wereblood                Tmut           Unusable   N/A       N/A         2
 Ice Form                 Ice/Tmut       Unusable   N/A       N/A         4
 Statue Form              Tmut/Erth      Unusable   N/A       N/A         6
 Storm Form               Tmut/Air       Unusable   N/A       N/A         7
 Death's Door             Necr           Unusable   N/A       N/A         9

Dungeon Overview and Level Annotations

Branches:
Dungeon (15/15)            Temple (1/1) D:7            Lair (5/5) D:10
  Swamp (4/4) Lair:2       Spider (4/4) Lair:2        Slime (5/5) Lair:4
    Orc (2/2) D:12            Elf (3/3) Orc:2        Vaults (3/5) D:13
  Crypt (3/3) Vaults:2       Tomb (0/3) Crypt:3      Depths (4/4) D:15
    Zot (4/5) Depths:4    Ossuary (visited)         Desolation (visited)
Gauntlet (visited)

Altars:
Ashenzari
Cheibriados
Dithmenos
Fedhas
Gozag
Hepliaklqana
Kikubaaqudgha
Makhleb
Nemelex Xobeh
Okawaru
Qazlal
Ru
Sif Muna
Trog
Uskayaw
Vehumet
Wu Jian
Xom
Yredelemnul
Jiyva
Lugonu

Shops:
D:5 (   D:6 ::   Orc:1 =   Orc:2 !!(!   Elf:1 !=[   Elf:2 ([[   Elf:3 [
Vaults:3 *![!   Depths:3 *

Portals:
Hell: Depths:1 Depths:2 Depths:3 Depths:4
Abyss: D:5 Spider:4 Depths:3
Pandemonium: Depths:1 Depths:2 Depths:3
Ziggurat: Depths:2

Annotations:
D:4 2 transporters, 2 runed translucent doors
D:5 2 transporters, bande's ghost, novice GrFi
D:7 1 runed translucent door
D:11 exclusion: ice statue
Swamp:4 2 transporters, lunkers's ghost, adept MeEE


Innate Abilities, Weirdness & Mutations

Your life essence is reduced to manifest your ancestor. (-10% HP)
You are immune to poison.
Your flesh is cold resistant. (rC+)
You are immune to negative energy. (rN+++)
You are immune to unholy pain and torment.
You are vulnerable to heat. (rF-)
You are strongly in touch with the powers of death.
You do not drink.
You have a special connection with the divine. (Faith)


Message History

The purple draconian hits you with a +0 scimitar!!
You block the moth of wrath's attack.
Edwyna gestures at the purple draconian shifter while chanting.
The bolt of magma hits the purple draconian shifter but does no damage.
The purple draconian closely misses you.
The purple draconian shifter drinks a potion.
The purple draconian shifter's spells are empowered!
You continue meditating on the rock.
You block the purple draconian's attack.
The moth of wrath bites you but does no damage.
Edwyna mumbles some strange words.
Edwyna seems to speed up.
You block the purple draconian's attack.
The purple draconian shifter gestures wildly while chanting.
The purple draconian shifter blinks!
A bolt of lightning appears from out of your range of vision.
The bolt of lightning misses Edwyna.
You continue meditating on the rock.
The purple draconian hits you with a +0 mace!
The moth of wrath completely misses you.
The ghost moth stares at you.
You feel your power leaking away.
The purple draconian hits you with a +0 scimitar!
You block the purple draconian's attack.
The moth of wrath misses you.
The purple draconian shifter casts a spell.
The purple draconian shifter blinks!
You continue meditating on the rock.
The purple draconian hits you with a +0 scimitar!
* * * LOW HITPOINT WARNING * * *
The purple draconian annihilator gestures at you while chanting.
The iron shot hits you!!
* * * LOW HITPOINT WARNING * * *
The purple draconian hits you with a +0 mace!!
* * * LOW HITPOINT WARNING * * *
Edwyna points at the purple draconian shifter and mumbles some strange words.
The crystal spear hits the purple draconian shifter!!!
You block the moth of wrath's attack.
The purple draconian hits you with a +0 scimitar!
You die...

*,,,,,,*..,,,,,,,*,,,*******...**
+,,,,,,,...,,,**######## **...#**
*,,,,**,...##.* #.##...##*...##*,
*,,,,****#..#.*##.#.....#D....#,,
*,,,,* *#..q##..'...#.'.#,*,+,*
*,,,,* *#.y#...#.....#.....#,,
*,,,,* ##....#.##...##*...##*,
*,,,,* #..RDy#################
*,,,,** #..q.d@# *,#...........
,,,,,,* #....dq# #.#.#########.
,,,,,,* #......# #.#.# ###..
,,,,,,* #......###.#.# #....
,,,,,,* #..........#.######.##.
******* #.......##.#.#.......'.
#.....#.##.#.#...[####.
#######.....#.##.#[#..##<# ##
#...........#.)[.#.#.###[####


You could see the friendly Edwyna the battlemage (fast), a purple draconian
knight, a storm dragon, 2 draconians, a purple draconian shifter (empowered,
distracted, ally target), a purple draconian annihilator, a ghost moth
(invisible) and a moth of wrath.

Vanquished Creatures
  the Royal Jelly (Slime:5)
  Dissolution (Slime:5)
  An ancient lich (Crypt:3)
  2 juggernauts
  Josephina (Crypt:3)
  Boris (Vaults:3)
  3 Killer Klowns
  A caustic shrike (Depths:2)
  3 golden dragons (Zot:2)
  A hellephant (Zot:2)
  An electric golem (Zot:1)
  8 tentacled monstrosities
  A lich (Depths:3)
  Asterion (Elf:2)
  A deep elf master archer (Elf:3)
  A deep elf blademaster (Elf:3)
  3 quicksilver dragons (Zot:4)
  17 acid blobs
  2 death cobs
  An ancient champion (Crypt:1)
  A walking frostbound tome (Depths:2)
  Agnes (Spider:2)
  2 sphinxes
  10 rockslimes
  Donald (Spider:3)
  Roxanne (Swamp:2)
  4 shadow dragons
  A tengu reaver (Depths:1)
  2 storm dragons (Zot:3)
  2 draconian monks (Zot:4)
  A deep elf sorcerer (Elf:3)
  7 azure jellies
  6 vault wardens
  A draconian knight (Zot:3)
  7 frost giants
  2 draconian scorchers (Zot:4)
  A curse skull (Crypt:2)
  2 ghost moths
  3 fire giants
  An emperor scorpion (Spider:3)
  5 deep elf elementalists (Elf:3)
  4 draconian annihilators
  An iron dragon (Depths:4)
  2 ghouls
  A draconian stormcaller (Zot:1)
  4 ironbound preservers
  5 war gargoyles
  A broodmother (Spider:3)
  12 stone giants
  13 quicksilver oozes
  2 spriggan defenders
  3 very ugly things
  2 green draconians
  7 vampire knights
  7 black draconians
  A red draconian (Zot:4)
  3 eleionomae (Swamp:1)
  5 deep elf demonologists
  A minotaur (Gauntlet)
  14 purple draconians
  5 yellow draconians
  10 dire elephants
  5 bunyips
  6 deep elf annihilators
  4 white draconians
  4 spark wasps
  An eidolon (Vaults:2)
  5 crystal guardians
  9 ettins
  3 fire dragons
  A blizzard demon (Gauntlet)
  A green death (Depths:2)
  An acid blob zombie (Crypt:2)
  6 deep elf death magi
  5 deep elf high priests
  3 jiangshi
  A shambling mangrove (Swamp:4)
  8 yaktaur captains
  A ragged hierophant (Vaults:3)
  3 entropy weavers
  2 vault guards (Vaults:1)
  2 servants of whispers (Vaults:3)
  An ogre mage (D:15)
  10 hydras
  2 ghost crabs
  A juggernaut simulacrum (Crypt:3)
  5 great orbs of eyes
  7 boulder beetles
  5 spriggan air magi
  2 peacekeepers (Vaults:3)
  2 rakshasas
  7 ice dragons
  4 ironbound frosthearts
  A death knight (Crypt:1)
  A catoblepas (Lair:5)
  6 alligators
  30 dancing weapons
  3 centaur warriors
  3 deep troll shamans
  5 two-headed ogres
  An anaconda (Swamp:4)
  A deep troll earth mage (Depths:1)
  An orc high priest (Orc:2)
  7 tengu warriors
  7 vampire magi
  A death yak (Lair:5)
  5 spriggan berserkers
  A titan zombie (Crypt:3)
  A storm dragon zombie (Crypt:1)
  3 iron trolls (Depths:4)
  15 deep elf knights
  3 sun demons
  4 hell knights
  2 soul eaters (Depths:2)
  3 goliath frogs
  2 pharaoh ants
  A bunyip zombie (Crypt:3)
  2 salamander mystics (Depths:2)
  An iron giant zombie (Crypt:1)
  A glowing orange brain (Depths:4)
  24 deep trolls
  7 spriggan druids
  9 swamp dragons
  3 flayed ghosts
  3 orb spiders
  21 skeletal warriors
  7 steelbarb worms
  5 bog bodies
  5 wizards
  20 deep elf pyromancers
  2 lindwurms
  2 phantasmal warriors
  10 ironbound convokers
  10 deep elf archers
  6 necromancers
  4 orc sorcerers
  3 orc knights
  A harpy (Vaults:3)
  4 shining eyes
  6 cyclopes
  6 manticores
  3 salamanders (Depths:2)
  18 ugly things
  An iron dragon zombie (Crypt:1)
  15 deep elf zephyrmancers
  A will-o-the-wisp (Swamp:2)
  7 wolf spiders
  A stone giant zombie (Crypt:3)
  A cyclops (shapeshifter) (D:14)
  15 moths of wrath
  A black mamba (Lair:2)
  A naga zombie (Crypt:3)
  7 elephants
  A molten gargoyle (Vaults:3)
  A centaur skeleton (Crypt:3)
  A smoke demon (Depths:2)
  13 vault sentinels
  2 gargoyles
  2 eyes of devastation
  5 cane toads
  7 torpor snails
  2 dire elephant skeletons (Crypt:3)
  3 demonic crawlers
  An anaconda simulacrum (Crypt:3)
  11 yaktaurs
  2 rime drakes (Lair:2)
  An alligator snapping turtle skeleton (Crypt:3)
  4 tengu conjurers
  4 freezing wraiths
  2 komodo dragons (Lair:4)
  An orb spider zombie (Crypt:2)
  2 harpy zombies
  6 ice devils
  A queen bee (Lair:2)
  3 polar bears (Lair:5)
  An unseen horror skeleton (Crypt:2)
  5 meliai
  A meliai (shapeshifter) (Elf:2)
  2 trolls
  A moth of wrath zombie (Crypt:2)
  4 tyrant leeches
  4 saltlings
  9 tarantellas
  13 hornets
  52 slime creatures
  7 blink frogs
  26 flying skulls
  5 air elementals
  8 jumping spiders
  2 vampires (D:9)
  A shadow (D:7)
  10 culicivoras
  A centaur simulacrum (D:14)
  5 wraiths
  25 spriggans
  14 water elementals
  14 yaks
  4 golden eyes
  5 humans (Zot:2)
  A golden eye (shapeshifter) (Elf:1)
  A basilisk (D:14)
  4 fire elementals
  5 wargs
  2 steam dragons (Swamp:4)
  20 redbacks
  8 vampire mosquitoes
  6 swamp worms
  A wind drake skeleton (Crypt:2)
  2 acid dragons
  7 water moccasins
  2 floating eyes
  5 swamp drakes
  16 orc warriors
  3 ice beasts
  2 black bears
  10 ogres
  An ettin simulacrum (Crypt:3)
  A black bear (shapeshifter) (D:14)
  2 boggarts
  15 wolves
  12 centaurs
  2 bullfrogs
  3 necrophages
  5 gnoll sergeants
  2 earth elementals
  6 scorpions
  3 wights (D:9)
  A warg zombie (Crypt:1)
  16 killer bees
  3 howler monkeys
  A centaur zombie (Crypt:1)
  2 hounds
  11 orc priests
  3 jellies
  A gnoll bouda (D:4)
  A human skeleton (D:7)
  An iguana (D:6)
  20 orc wizards
  A hound skeleton (Crypt:1)
  3 mummies (Ossuary)
  24 gnolls
  9 adders
  A shadow imp (D:6)
  A white imp (Gauntlet)
  5 ufetubi (D:11)
  An iguana skeleton (Crypt:2)
  2 worms (D:2)
  4 dart slugs
  62 orcs
  8 ball pythons
  5 endoplasms
  3 giant cockroaches
  7 goblins
  5 hobgoblins
  9 quokkas
  7 bats
  4 frilled lizards
  A gnoll zombie (Ossuary)
  A goblin zombie (Ossuary)
  3 hobgoblin zombies (Ossuary)
  A jackal skeleton (D:7)
  6 kobolds
  5 kobold zombies (Ossuary)
  2 quokka zombies (D:7)
  3 rats
  A fire vortex (Swamp:4)
1357 creatures vanquished.

Vanquished Creatures (collateral kills)
  An ancient lich (Depths:3)
  3 orbs of fire
  Boris (Crypt:3)
  Frederick (Depths:3)
  A golden dragon (Zot:4)
  A bone dragon (Crypt:3)
  A shard shrike zombie (Crypt:3)
  4 tentacled monstrosities
  3 liches
  4 death cobs
  10 acid blobs
  4 quicksilver dragons (Zot:4)
  2 ancient champions
  5 storm dragons
  A draconian monk (Zot:4)
  A revenant (Crypt:2)
  3 rockslimes
  6 azure jellies
  A draconian knight (Depths:4)
  A deep elf sorcerer (Elf:3)
  A tengu reaver (Depths:1)
  4 ghost moths
  An emperor scorpion (Spider:3)
  Aizul (Spider:2)
  An imperial myrmidon (Desolation)
  2 vault wardens (Vaults:3)
  A spriggan defender (Depths:3)
  2 draconian scorchers
  A reaper (Crypt:2)
  An orc warlord (Orc:2)
  A draconian shifter (Zot:3)
  5 ironbound preservers
  2 draconian annihilators
  A draconian stormcaller (Zot:1)
  3 deep elf elementalists
  3 ghouls
  3 war gargoyles
  An ironbound thunderhulk (Vaults:1)
  3 stone giants
  3 vampire knights
  A very ugly thing (Vaults:2)
  2 quicksilver oozes
  4 green draconians
  2 black draconians
  2 deep elf annihilators (Elf:3)
  2 bunyips (Swamp:4)
  5 yellow draconians
  A deep elf demonologist (Elf:3)
  7 purple draconians
  4 dire elephants
  3 spark wasps
  2 eleionomae
  3 red draconians
  2 white draconians
  3 eidola
  2 ettins
  A merfolk javelineer (Depths:4)
  A shambling mangrove (Swamp:4)
  A ragged hierophant (Vaults:3)
  2 fire dragons
  2 deep elf death magi
  A quicksilver dragon skeleton (Crypt:3)
  A yaktaur captain (Vaults:3)
  4 great orbs of eyes
  2 vault guards (Vaults:1)
  A deep elf high priest (Elf:3)
  2 ogre magi
  2 peacekeepers
  2 hydras (Swamp:4)
  5 centaur warriors
  2 ghost crabs
  2 spriggan air magi
  A jorogumo (Spider:2)
  3 radroaches
  An ice dragon (Depths:1)
  7 boulder beetles
  2 ironbound frosthearts
  4 two-headed ogres
  A deep troll shaman (Depths:4)
  10 dancing weapons
  4 vampire magi
  2 deep troll earth magi (Depths:3)
  5 spriggan berserkers
  3 hell knights (Crypt:3)
  2 deep elf knights
  8 skeletal warriors
  A shadow wraith (Crypt:2)
  An iron troll (Depths:3)
  2 steelbarb worms
  A storm dragon zombie (Crypt:2)
  11 deep trolls
  A bog body (Crypt:1)
  2 pharaoh ants
  A glowing orange brain (Depths:4)
  2 orb spiders
  A goliath frog (Swamp:2)
  3 lindwurms
  4 swamp dragons
  2 deep elf archers
  2 flayed ghosts
  A spriggan simulacrum (Crypt:1)
  8 deep elf pyromancers
  3 necromancers
  4 phantasmal warriors
  2 wizards
  A harpy (Vaults:3)
  5 ironbound convokers
  An orc knight (Orc:2)
  5 deep elf zephyrmancers
  A wolf spider (Spider:2)
  A manticore (D:15)
  7 orc sorcerers (Orc:2)
  A shadow dragon skeleton (Crypt:2)
  10 ugly things
  6 shining eyes
  A salamander (Depths:2)
  A cyclops (D:15)
  A stone giant zombie (Crypt:3)
  A will-o-the-wisp (Swamp:4)
  Maurice (D:10)
  2 naga zombies (Crypt:3)
  A titan simulacrum (Crypt:3)
  5 moths of wrath
  5 torpor snails
  4 black mambas
  8 elephants
  3 orange demons
  An eye of devastation (Gauntlet)
  2 vault sentinels (Vaults:2)
  A yellow draconian zombie (Crypt:2)
  5 cane toads
  A kobold demonologist (D:13)
  2 ice devils (D:11)
  Psyche (D:9)
  2 rime drakes
  4 komodo dragons
  6 demonic crawlers
  3 yaktaurs
  A harpy zombie (Crypt:1)
  A troll (shapeshifter) (D:13)
  A troll (Orc:2)
  4 meliai
  A polar bear (Lair:5)
  A tyrant leech (Swamp:1)
  16 blink frogs
  4 saltlings
  11 hornets
  An ettin zombie (Crypt:3)
  A fire dragon zombie (Crypt:3)
  10 tarantellas
  50 slime creatures
  17 flying skulls
  14 spriggans
  3 jumping spiders
  2 wraiths
  5 culicivoras
  A centaur simulacrum (Crypt:1)
  25 yaks
  10 water elementals
  4 humans (Zot:2)
  2 wyverns
  3 golden eyes (Slime:4)
  7 redbacks
  A basilisk (Lair:3)
  5 steam dragons
  5 swamp worms
  A warg (Orc:2)
  A harpy simulacrum (Crypt:3)
  5 vampire mosquitoes
  A floating eye (Gauntlet)
  7 water moccasins
  5 orc warriors
  2 swamp drakes (Swamp:4)
  2 black bears (Lair:5)
  2 centaurs (D:12)
  4 ogres
  28 wolves
  A boggart (Lair:5)
  A manticore skeleton (Crypt:1)
  4 kobold brigands
  3 bullfrogs
  2 earth elementals
  A draconian skeleton (Crypt:1)
  A gnoll sergeant (D:6)
  2 scorpions (Elf:1)
  A wight (D:9)
  8 killer bees
  2 jellies (D:8)
  2 orc priests
  11 orc wizards
  5 gnolls
  2 ufetubi (D:11)
  23 orcs
  A kobold (D:13)
  A frilled lizard (D:1)
  14 bushes (Lair:3)
  A butterfly (Lair:5)
724 creatures vanquished.

Vanquished Creatures (others)
  Nessos (D:14)
  A lindwurm (Swamp:4)
  2 bloated husks
  A hydra zombie (Lair:3)
  A steam dragon (Swamp:4)
  2 swamp drakes (Swamp:4)
  An elephant zombie (Lair:3)
  A kobold brigand (D:8)
  A warg zombie (Orc:1)
  6 yak zombies
  2 centaur zombies (D:12)
  112 battlemagi
  An orc wizard (Orc:2)
  3 killer bee zombies (D:8)
  An ancestor (D:9)
  A gnoll zombie (Orc:2)
  15 orc zombies
  3 bushes
  2 fire vortices (Lair:4)
  6 foxfires
  38 fungi
  A lurking horror (Spider:4)
  53 plants
255 creatures vanquished.

Grand Total: 2336 creatures vanquished

Notes
Turn   | Place    | Note
-------+----------+-------------------------------------------
     0 | D:1      | oldriver the Mummy Necromancer began the quest for the Orb.
     0 | D:1      | Reached XP level 1. HP: 13/13 MP: 4/4
   146 | D:1      | Reached skill level 3 in Spellcasting
   204 | D:1      | Reached XP level 2. HP: 19/20 MP: 3/6
   306 | D:1      | Reached skill level 1 in Fighting
   988 | D:1      | Learned a level 1 spell: Sandblast
  1006 | D:2      | Gained mutation: You are in touch with the powers of death.
                  | [Mummy growth]
  1006 | D:2      | Reached XP level 3. HP: 26/26 MP: 4/8
  1679 | D:2      | Found an ornate altar of the Wu Jian Council.
  1700 | D:2      | Reached XP level 4. HP: 33/33 MP: 5/9
  1705 | D:2      | Reached skill level 4 in Spellcasting
  1705 | D:2      | Reached skill level 1 in Earth Magic
  2337 | D:3      | Learned a level 3 spell: Vampiric Draining
  2625 | D:3      | Reached XP level 5. HP: 39/39 MP: 7/11
  2993 | D:4      | Found a transporter.
  3074 | D:4      | Found a transporter.
  3128 | D:4      | Found a snail-covered altar of Cheibriados.
  3249 | D:4      | Reached skill level 5 in Spellcasting
  3357 | D:4      | Reached XP level 6. HP: 47/47 MP: 10/13
  3474 | D:4      | Found a large runed translucent door.
  3475 | D:4      | Found a large runed translucent door.
  3858 | D:5      | Entered Level 5 of the Dungeon
  3883 | D:5      | Found a transporter.
  3940 | D:5      | Found a burning altar of Makhleb.
  3944 | D:5      | Noticed an ice beast
  3994 | D:5      | Found a sparkling altar of Nemelex Xobeh.
  4155 | D:5      | Identified the +2 leather armour of a volcano {rElec rF-
                  | Dex+2 SInv}
  4270 | D:5      | Noticed an angel
  4275 | D:5      | Killed an ice beast
  4276 | D:5      | Reached skill level 6 in Spellcasting
  4276 | D:5      | Noticed an Executioner
  4375 | D:5      | Found a transporter.
  4427 | D:5      | Found a one-way gate to the infinite horrors of the Abyss.
  4427 | D:5      | Noticed bande's ghost (novice GrFi)
  4451 | D:5      | Reached XP level 7. HP: 41/55 MP: 10/16
  4608 | D:5      | Reached skill level 5 in Fighting
  4653 | D:5      | Reached skill level 7 in Spellcasting
  5022 | D:5      | Found Tang's Weapon Boutique.
  5516 | D:6      | Found Tiamo's Book Emporium.
  5525 | D:6      | Found Rimirr's Book Shop.
  5552 | D:6      | Reached skill level 8 in Spellcasting
  5552 | D:6      | Reached XP level 8. HP: 48/64 MP: 13/20
  5766 | D:6      | Found a hide-covered altar of Uskayaw.
  6023 | D:6      | Learned a level 4 spell: Animate Dead
  6026 | D:6      | Learned a level 2 spell: Passwall
  6030 | D:6      | Learned a level 3 spell: Stone Arrow
  6147 | D:7      | Found an iron altar of Okawaru.
  6264 | D:7      | Found a staircase to the Ecumenical Temple.
  6297 | D:7      | Reached skill level 1 in Armour
  6332 | D:7      | Found a sand-covered staircase.
  6348 | Ossuary  | Entered an ossuary
  6573 | Ossuary  | Reached skill level 1 in Conjurations
  7599 | D:7      | Found a runed translucent door.
  7786 | Temple   | Entered the Ecumenical Temple
  7803 | Temple   | Became a worshipper of Hepliaklqana the Forgotten
  8028 | D:7      | Reached XP level 9. HP: 63/71 MP: 7/21
  8127 | D:7      | Found a basalt altar of Yredelemnul.
  9148 | D:8      | Reached skill level 9 in Spellcasting
  9406 | D:8      | Reached skill level 1 in Shields
  9604 | D:8      | Reached * piety under Hepliaklqana
 10094 | D:8      | Found a viscous altar of Jiyva.
 10266 | D:9      | Found an ancient bone altar of Kikubaaqudgha.
 11132 | D:9      | Reached ** piety under Hepliaklqana
 11242 | D:9      | Remembered your ancestor Edwyna as a battlemage
 11343 | D:9      | Reached XP level 10. HP: 66/72 MP: 10/23
 11544 | D:10     | Entered Level 10 of the Dungeon
 11728 | D:10     | Found a staircase to the Lair.
 11774 | D:10     | Noticed Maurice
 11786 | D:10     | Killed Maurice
 11837 | D:10     | Reached skill level 10 in Spellcasting
 12538 | D:10     | Noticed a two-headed ogre
 12548 | D:10     | Killed a two-headed ogre
 12549 | D:10     | Reached skill level 5 in Earth Magic
 12651 | D:10     | Noticed a deep troll
 12841 | D:9      | Noticed Psyche
 12846 | D:9      | Killed Psyche
 12914 | D:9      | Reached XP level 11. HP: 78/78 MP: 14/25
 13140 | D:9      | Noticed a deep elf pyromancer
 13148 | D:9      | Killed a deep elf pyromancer
 13164 | D:9      | Noticed a four-headed hydra
 13168 | D:9      | Killed a four-headed hydra
 13375 | D:9      | Reached skill level 11 in Spellcasting
 13519 | D:9      | Reached skill level 5 in Conjurations
 14255 | Lair:1   | Entered Level 1 of the Lair of Beasts
 14267 | Lair:1   | Reached *** piety under Hepliaklqana
 14568 | Lair:1   | Identified a scroll of acquirement
 14571 | Lair:1   | Acquired 668 gold pieces
 14840 | Lair:1   | Reached skill level 5 in Shields
 14851 | Lair:1   | Reached skill level 5 in Dodging
 14856 | Lair:1   | Reached skill level 5 in Armour
 15052 | Lair:1   | Reached XP level 12. HP: 87/87 MP: 22/27
 15566 | Lair:2   | Reached skill level 12 in Spellcasting
 15916 | Lair:2   | Reached **** piety under Hepliaklqana
 16041 | Lair:2   | Reached skill level 10 in Fighting
 16313 | Lair:2   | Found a hole to the Spider Nest.
 16386 | Lair:2   | Reached skill level 5 in Necromancy
 16439 | Lair:2   | Reached skill level 5 in Stealth
 16605 | Lair:2   | Found a staircase to the Swamp.
 16793 | Lair:3   | Noticed an eight-headed hydra
 16804 | Lair:3   | Killed an eight-headed hydra
 17685 | Lair:4   | Reached ***** piety under Hepliaklqana
 17687 | Lair:4   | Found a staircase to the Slime Pits.
 17705 | Lair:4   | Identified the ring of the Messenger {rCorr Dex+6}
 17802 | Lair:4   | Reached skill level 13 in Spellcasting
 17880 | Lair:4   | Noticed a boulder beetle
 17880 | Lair:4   | Noticed a seven-headed hydra
 17965 | Lair:4   | Noticed a boulder beetle
 17976 | Lair:4   | Killed a boulder beetle
 17977 | Lair:4   | Gained mutation: You are strongly in touch with the powers
                  | of death. [Mummy growth]
 17977 | Lair:4   | Reached XP level 13. HP: 94/94 MP: 21/30
 18837 | Lair:5   | Entered Level 5 of the Lair of Beasts
 20017 | Lair:5   | Reached skill level 14 in Spellcasting
 21207 | Lair:5   | Acquired 842 gold pieces
 21395 | Lair:5   | Reached skill level 15 in Spellcasting
 21929 | Lair:5   | Learned a level 5 spell: Iskenderun's Battlesphere
 21935 | Lair:5   | Learned a level 5 spell: Lee's Rapid Deconstruction
 23046 | D:11     | Reached XP level 14. HP: 104/104 MP: 14/33
 24300 | D:12     | Reached ****** piety under Hepliaklqana
 24338 | D:12     | Found a staircase to the Orcish Mines.
 25630 | D:13     | You fall into a shaft and drop 2 floors!
 25630 | D:15     | Entered Level 15 of the Dungeon
 25714 | D:14     | Found a hide-covered altar of Uskayaw.
 25982 | D:14     | Noticed Nessos
 25992 | D:14     | Killed Nessos
 26986 | D:14     | Reached skill level 16 in Spellcasting
 27219 | D:14     | Identified the +4 ring mail of Untruth {Rampage rPois MP+9
                  | Stlth+}
 28272 | D:15     | Found a staircase to the Depths.
 28367 | D:15     | Got Sif Muna's Volume of the Dead and Confrontation
 29107 | D:15     | Found a hazy altar of Hepliaklqana.
 29838 | D:13     | Reached XP level 15. HP: 97/113 MP: 21/35
 30082 | D:12     | Learned a level 6 spell: Iron Shot
 30216 | D:13     | Found a gate to the Vaults.
 31351 | Orc:1    | Entered Level 1 of the Orcish Mines
 31945 | Orc:1    | Found Enostrar's Jewellery Boutique.
 31954 | Orc:1    | Bought the ring "Bush" {rF+ Will+ Str+4 Int-2} for 648 gold
                  | pieces
 32040 | Orc:2    | Entered Level 2 of the Orcish Mines
 32091 | Orc:2    | Found a staircase to the Elven Halls.
 32170 | Orc:2    | Found a gate leading to a gauntlet.
 32183 | Gauntlet | Entered a Gauntlet
 32183 | Gauntlet | Found a transporter.
 32183 | Gauntlet | Found a transporter.
 32233 | Gauntlet | Found a transporter.
 32244 | Gauntlet | Found a transporter.
 32253 | Gauntlet | Found a transporter.
 32261 | Gauntlet | Found a transporter.
 32261 | Gauntlet | Found a transporter.
 32268 | Gauntlet | Found a transporter.
 32299 | Gauntlet | Found a transporter.
 32306 | Gauntlet | Found a transporter.
 32315 | Gauntlet | Found a transporter.
 32324 | Gauntlet | Found a transporter.
 32369 | Gauntlet | Found a transporter.
 32383 | Gauntlet | Found a transporter.
 32484 | Gauntlet | Found a transporter.
 32506 | Gauntlet | Found a transporter.
 32617 | Gauntlet | Identified the ring of Xom's Capriciousness {+Blink rPois
                  | rF+ Str+4 Dex+4}
 32696 | Gauntlet | Identified the +0 pair of boots "Kohock" {-Cast rElec rF+
                  | rC++}
 32904 | Gauntlet | Identified the ring of the Philosopher {rPois Int+4 Dex+2}
 32971 | Gauntlet | Identified the +6 flail of Discord {flame, rCorr}
 33092 | Gauntlet | Identified the +2 pair of gloves of Idealism {Rampage rElec
                  | rCorr Dex+2}
 33095 | Gauntlet | Identified the +0 ring mail of Gaohaut {rCorr}
 33551 | Orc:2    | Reached skill level 17 in Spellcasting
 34707 | Orc:2    | Upgraded the game from 0.30-a0-390-g80c34de65d to
                  | 0.30-a0-393-g54b8e3be05
 34975 | Orc:2    | Found Dahuhoru's Distillery.
 34975 | Orc:2    | Found Yxiajur's Distillery.
 35183 | Orc:2    | Found Hoviogym's Weapon Boutique.
 35183 | Orc:2    | Found Kuozautz's Distillery.
 36476 | Spider:1 | Entered Level 1 of the Spider Nest
 38404 | Spider:2 | Noticed Agnes
 38420 | Spider:2 | Killed Agnes
 38904 | Spider:2 | Got the Exposition on Hazy Transmogrification
 39213 | Spider:2 | Noticed Aizul
 39267 | Spider:2 | Killed Aizul
 39551 | Spider:2 | Reached XP level 16. HP: 101/120 MP: 6/37
 40546 | Spider:3 | Noticed Donald
 42002 | Spider:3 | Killed Donald
 42742 | Spider:4 | Entered Level 4 of the Spider Nest
 44025 | Swamp:1  | Entered Level 1 of the Swamp
 44132 | Lair:2   | Reached skill level 10 in Earth Magic
 44367 | Swamp:1  | Reached skill level 15 in Fighting
 44487 | Swamp:1  | Reached skill level 10 in Conjurations
 46185 | Swamp:1  | Reached skill level 1 in Invocations
 46553 | Swamp:1  | Reached skill level 18 in Spellcasting
 47672 | Swamp:2  | Learned a level 5 spell: Borgnjor's Vile Clutch
 47679 | Swamp:2  | Noticed Roxanne
 47866 | Swamp:2  | Killed Roxanne
 47975 | Swamp:2  | Identified the +4 short sword "Hecask" {speed, Str+4}
 48295 | Swamp:1  | Reached XP level 17. HP: 109/127 MP: 5/39
 49519 | Swamp:4  | Entered Level 4 of the Swamp
 50374 | Swamp:4  | Noticed a tentacled monstrosity
 50378 | Swamp:4  | Noticed lunkers's ghost (adept MeEE)
 50383 | Swamp:4  | Found a transporter.
 50388 | Swamp:4  | Noticed a tentacled monstrosity
 50533 | Swamp:4  | Learned a level 3 spell: Swiftness
 51142 | Swamp:4  | Reached skill level 1 in Air Magic
 51215 | Swamp:4  | Found a transporter.
 51595 | Swamp:4  | Found the +3 greatsling "Punk" {acid, rCorr}
 51658 | Swamp:4  | Got a decaying rune of Zot
 52134 | Elf:1    | Entered Level 1 of the Elven Halls
 52312 | D:6      | Bought a book of Blasting for 400 gold pieces
 52317 | D:6      | Learned a level 4 spell: Iskenderun's Mystic Blast
 52490 | Depths:1 | Entered Level 1 of the Depths
 52651 | Depths:1 | Found a gateway to Hell.
 52651 | Depths:1 | Found a one-way gate leading to the halls of Pandemonium.
 53062 | Depths:1 | Reached skill level 5 in Invocations
 53250 | Depths:1 | Reached skill level 19 in Spellcasting
 53314 | Depths:1 | Found an iron altar of Okawaru.
 54162 | Depths:1 | Reached XP level 18. HP: 50/136 MP: 9/41
 54599 | Depths:1 | Got the Anthology of the Sky
 54601 | Depths:1 | Got the Guidebook on Blasting
 55112 | Depths:1 | Found a stormy altar of Qazlal.
 55700 | Elf:1    | Found a transporter.
 56199 | Elf:1    | Found a transporter.
 56211 | Elf:1    | Found Idais's Antique Armour Boutique.
 56214 | Elf:1    | Found Ziamu's Jewellery Shop.
 56216 | Elf:1    | Found Wati's Distillery.
 56220 | Elf:1    | Bought a shiny helmet for 277 gold pieces
 56340 | Elf:1    | Reached skill level 20 in Spellcasting
 56627 | Elf:2    | Found Reiheq's Armour Emporium.
 56769 | Elf:2    | Identified the +2 chain mail "Ypom" {Contam Harm Will+++
                  | MP-9}
 56861 | Elf:2    | Found Lurhoug's Antique Armour Emporium.
 57340 | Elf:2    | Found Maen's Weapon Boutique.
 58117 | Elf:2    | Found a runed translucent gate.
 58118 | Elf:2    | Found a runed translucent gate.
 58118 | Elf:2    | Found a runed translucent gate.
 58613 | Depths:2 | Noticed a juggernaut
 58710 | Depths:2 | Killed a juggernaut
 58886 | Depths:2 | Found a one-way gateway to a ziggurat.
 59775 | Depths:2 | Noticed a caustic shrike
 59781 | Depths:2 | Killed a caustic shrike
 60259 | Depths:2 | Reached XP level 19. HP: 144/144 MP: 30/43
 60360 | Depths:2 | Identified the +9 demon blade of the Changing Gods {venom,
                  | rPois}
 61248 | Spider:4 | Found a corrupted altar of Lugonu.
 61767 | Spider:4 | Reached skill level 21 in Spellcasting
 62075 | Spider:4 | Got a gossamer rune of Zot
 62344 | Vaults:1 | Entered Level 1 of the Vaults
 65856 | Elf:1    | Paralysed by an air elemental for 1 turns
 66090 | Elf:1    | Identified the amulet "Ymuluz" {Regen+ Int+6}
 66097 | Elf:1    | Identified the ring "Kotselept" {Int+6 Dex+4}
 66504 | Elf:2    | Reached XP level 20. HP: 146/154 MP: 22/45
 66561 | Elf:2    | Reached skill level 22 in Spellcasting
 66876 | Elf:2    | Noticed Asterion
 66884 | Elf:2    | Killed Asterion
 67156 | Elf:3    | Entered Level 3 of the Elven Halls
 67370 | Elf:3    | Paralysed by an air elemental for 1 turns
 67959 | Elf:3    | Found Olanwojy's Antique Armour Shop.
 68972 | Elf:3    | Identified the +4 long sword of Niaci {elec, *Noise Will+
                  | Dex+2}
 69210 | Elf:3    | Identified the +1 scale mail of Lies {*Slow +Inv rF+ Str+3}
 70481 | Elf:3    | Identified the +2 ring mail of Acyxuot {Str+4 Slay+2}
 70582 | Elf:3    | Got the Lectures on Fulgurous Spellbinding
 70650 | Elf:3    | Identified the +1 leather armour "Vitzum" {Fly}
 71013 | Depths:3 | Noticed Frederick
 71021 | Depths:3 | Killed Frederick
 71147 | Depths:3 | Reached skill level 10 in Dodging
 71182 | Depths:3 | Noticed an ancient lich
 71186 | Depths:3 | Killed an ancient lich
 71255 | Depths:3 | Found the +6 Majin-Bo {vamp, MP+6 Int+6}
 71261 | Depths:3 | Got the Lectures on Guile and Translocation
 71264 | Depths:3 | Acquired the +0 pair of boots "Ufial" {rCorr Int+5}
 71655 | Depths:3 | Found a shimmering blue altar of Sif Muna.
 71685 | Depths:3 | Found Ricsac's General Store.
 71739 | Depths:4 | Entered Level 4 of the Depths
 72853 | Vaults:2 | Reached XP level 21. HP: 162/162 MP: 40/47
 73835 | Vaults:2 | Reached skill level 23 in Spellcasting
 74060 | Vaults:2 | Found a staircase to the Crypt.
 74705 | Vaults:3 | Noticed Boris
 74713 | Vaults:3 | Killed Boris
 74788 | Vaults:3 | Found a crumbling gateway.
 74842 | Desolati | Entered the Desolation of Salt
 76082 | Vaults:3 | Found Capitut's Antique Armour Shoppe.
 76356 | Vaults:3 | Found Totoebb's General Store.
 76530 | Vaults:3 | Bought a scroll of teleportation for 60 gold pieces
 76530 | Vaults:3 | Bought a scroll of teleportation for 60 gold pieces
 76956 | Vaults:3 | Found Uroaryno's Distillery.
 77045 | Vaults:3 | Found Cearevaum's Distillery.
 77432 | Crypt:1  | Entered Level 1 of the Crypt
 78487 | Crypt:2  | Reached XP level 22. HP: 171/171 MP: 43/49
 80132 | Crypt:3  | Entered Level 3 of the Crypt
 80467 | Crypt:3  | Noticed Boris
 80479 | Crypt:3  | Killed Boris
 80480 | Crypt:3  | Reached skill level 24 in Spellcasting
 80711 | Crypt:3  | Identified the +7 battleaxe of Grim Resourcefulness {flame,
                  | rC+ Str+6 Int+2}
 80950 | Crypt:3  | Reached skill level 15 in Dodging
 81503 | Crypt:3  | Noticed an ancient lich
 81520 | Crypt:3  | Killed an ancient lich
 81904 | Crypt:3  | Identified the ring of Noon {Ice Str+2 Slay+3}
 81904 | Crypt:3  | Noticed Josephina
 81907 | Crypt:3  | Identified the ring "Icoryf" {Will+ AC+4}
 81909 | Crypt:3  | Killed Josephina
 82462 | Crypt:3  | Found an ancient bone altar of Kikubaaqudgha.
 82530 | Crypt:3  | Found a staircase to the Tomb.
 82964 | Slime:1  | Entered Level 1 of the Pits of Slime
 83186 | Slime:2  | Reached skill level 10 in Armour
 84675 | Slime:3  | Reached XP level 23. HP: 170/180 MP: 12/51
 85699 | Slime:5  | Entered Level 5 of the Pits of Slime
 85707 | Slime:5  | Reached skill level 25 in Spellcasting
 85734 | Slime:5  | Noticed Dissolution
 85743 | Slime:5  | Killed Dissolution
 85853 | Slime:5  | Paralysed by a floating eye for 2 turns
 86070 | Slime:5  | Learned a level 2 spell: Blink
 86078 | Slime:5  | Learned a level 7 spell: Orb of Destruction
 86369 | Slime:5  | Noticed the Royal Jelly
 86424 | Slime:5  | Found a viscous altar of Jiyva.
 86424 | Slime:5  | Found the +8 longbow "Zephyr" {speed, Dex+3 SInv}
 86447 | Slime:4  | HP: 8/181 [rockslime[the Royal Jelly] (3)]
 86853 | Slime:5  | Reached skill level 1 in Translocations
 87645 | Slime:5  | Killed the Royal Jelly
 88062 | Slime:5  | Got a slimy rune of Zot
 88064 | Slime:5  | Identified the +0 chain mail of Midnight {Contam rF+++
                  | Dex+5}
 88087 | Slime:5  | Found the +4 skin of Zhor {*Englaciate rC+++ SInv}
 88114 | Slime:5  | Identified the +3 trident "Niqisum" {vorpal, rElec Dex+5}
 88115 | Slime:5  | Identified the +10 spear of the Visions {venom, rElec rF+}
 88121 | Slime:5  | Identified the +10 quarterstaff "Zexaajakk" {vamp, Stlth+}
 88145 | Slime:5  | Identified the +9 scimitar "Xymmousch" {vorpal, rF+ Will-
                  | MP+9 Str+2}
 88844 | Depths:4 | Noticed a juggernaut
 88848 | Depths:4 | Killed a juggernaut
 89291 | Depths:4 | Found a gate to the Realm of Zot.
 89565 | Depths:4 | Found an ornate altar of the Wu Jian Council.
 90125 | Zot:1    | Entered Level 1 of the Realm of Zot
 90632 | Zot:2    | Noticed an orb of fire
 90638 | Zot:2    | Killed an orb of fire
 92425 | Zot:2    | Acquired 825 gold pieces
 92487 | Zot:2    | Noticed a Killer Klown
 92526 | Zot:2    | Killed a Killer Klown
 92896 | Zot:2    | Noticed a Killer Klown
 92920 | Zot:2    | Killed a Killer Klown
 92921 | Zot:2    | Reached XP level 24. HP: 169/189 MP: 26/52
 93267 | Zot:3    | Reached skill level 26 in Spellcasting
 94088 | Zot:3    | Noticed an orb of fire
 94099 | Zot:3    | Killed an orb of fire
 95257 | Zot:4    | Noticed an orb of fire
 95412 | Zot:4    | Killed an orb of fire
 95961 | Zot:4    | Identified the +5 scale mail "Cellyed" {rF- Will+ MP+9
                  | Str+2}
 96586 | Zot:4    | Noticed a Killer Klown
 96600 | Zot:4    | Killed a Killer Klown
 97373 | Zot:4    | HP: 3/190 [purple draconian/+0 mace (24)]
 97373 | Zot:4    | Mangled by a purple draconian

Illustrated notes

Levels and vault maps discovered:
D:1:      eino_arrival_cavern_c, layout_basic, minmay_unequal
D:2:      layout_loops_corners, basic_altar
D:3:      layout_rooms, minivault_11, lightli_corner_chamber
D:4:      gammafunk_steamed_eel, layout_cave_pools,
          mainiacjoe_overflow_alcove_1, jmf_multi_god_temple2,
          serial_bayou_pond_e
D:5:      layout_loops_ring, grunt_temple_overflow_order_and_chaos_2,
          marbit_many_paths, mainiacjoe_overflow_alcove_4, serial_shops,
          kennysheep_little_box, gammafunk_ghost_abyssal_escape,
          kennysheep_pointless_box, st_stairs_11
D:6:      layout_cave_pools, mainiacjoe_overflow_24_doors, serial_shops, shop,
          minmay_shop_grid_forest
D:7:      layout_rooms, old_standard_altar, dk_yredelemnul_ordeal,
          minmay_temple_entry_ruins, enter_ossuary_4, serial_corexii_hall,
          chequers_hall_statues_wall_a, chequers_hall_statues_corner_a,
          chequers_serial_rivers_micro_c, nicolae_kite_square_tiling_tiny
D:8:      layout_cave_pods, jiyva_altar_1
D:9:      minmay_klotski, layout_basic, elyvilon_altar_1,
          mainiacjoe_overflow_concentric_impassable, uniq_psyche
D:10:     layout_loops_corners, lair_entry_dummy, kennysheep_nondescript,
          hellmonk_guarded_unrand_vitality_bloodlust, uniq_maurice
D:11:     cheibrodos_frozen_isle, layout_rooms
D:12:     layout_loops_ring, orc_0_dummy,
          hangedman_abyss_or_decor_jellyfish_corner, grunt_decor_clamped
D:13:     layout_stronghold, hangedman_vaults_entry_quadrant_bands
D:14:     layout_loops_corners, minmay_holes, chequers_serial_rivers_room_a,
          nicolae_uskayaw_murder_on_the_dancefloor, uniq_nessos
D:15:     hangedman_depths_entry_civil_slaughter, layout_irregular_city,
          nicolae_hepliaklqana_hippocampus
Temple:   nicolae_temple_bog_church
Lair:1:   layout_cave_shapes, infiniplex_staircase_pool_2, serial_bayou_shore_b
Lair:2:   layout_gridlike, swamp_mist_pool, dummy_spider_entry, special_room
          [special_room_bee], grunt_megastairs_3
Lair:3:   layout_concentric_octagons, minmay_hedge_maze, serial_bayou_shore_b,
          serial_bayou_shore_a
Lair:4:   layout_gridlike, slime_entry_1, serial_bayou_lagoon_a
Lair:5:   minmay_lair_end_enchanted_forest, layout_regular_city, st_stairs_11,
          lemuel_fruit_fields
Swamp:1:  nicolae_swamp_secret_spriggan_hideout, layout_falls_marsh,
          evilmike_swamp_ruin_house_6
Swamp:2:  layout_falls_marsh, evilmike_swamp_ruin_rubble_2, uniq_roxanne
Swamp:3:  layout_basic_swamp, nicolae_swamp_very_dense_foliage
Swamp:4:  swamp_fiery, layout_basic_swamp, gammafunk_ghost_arena,
          hangedman_swamp_pad, swamp_pool1, nicolae_swamp_snake_nest
Spider:1: layout_spider_delve, drop_trap
Spider:2: layout_cave_pods, uniq_aizul, uniq_agnes
Spider:3: layout_spider_delve, uniq_donald
Spider:4: hellmonk_spider_rune_bug_friends, nicolae_spider_circle_web,
          amcnicky_altar_lugonu_corruption
Slime:1:  layout_caves
Slime:2:  layout_caves, cheibrodos_slime_lost_civilization_5
Slime:3:  layout_caves
Slime:4:  layout_caves
Slime:5:  uniq_dissolution
Orc:1:    layout_caves, serial_shops, shop_statue, david_defended_altar_orc
Orc:2:    st_orc_town, layout_caves, gauntlet_entry_generic, sword_in_stone
Elf:1:    gammafunk_its_a_trap, layout_geoelf_diagonals, minivault_28,
          einodemon_barbed_minivault, minmay_shop_star
Elf:2:    nicolae_elf_blades_crystal_corner, layout_loops_corners, serial_shops,
          shop, shop, shop, wad_dig_loot, uniq_asterion
Elf:3:    minmay_elf_hall_curves, layout_onion_city, serial_shops,
          nicolae_shop_window_shopping, dk_noncrumbling_4
Vaults:1: hangedman_vaults_restitches, v_misc_23, v_misc_2, v_pattern_3,
          v_misc_25, nicolae_vaults_little_squares_5, v_misc_12, v_misc_8,
          nicolae_vaults_windows_and_doors_thing, v_misc_3,
          grunt_vaults_hallway_short, nicolae_vaults_rhombus_7, st_octagons_1,
          ontoclasm_vaults_twist, layout_vaults_omnibox
Vaults:2: v_pattern_2, vaults_dpeg_doors, nicolae_vaults_bisected_inception,
          vaults_room_door_ring, minmay_crypt_entry_simple_statues,
          ontoclasm_vaults_bender, v_misc_18, vaults_dpeg_emergency_exit,
          grunt_vaults_hallway_short, nicolae_vaults_alarming,
          ontoclasm_vaults_ligature, layout_vaults_chaotic_city
Vaults:3: portal_desolation_entry_nicolae_nacl, vaults_mumra_hex,
          nicolae_vaults_c_with_doors, vaults_dpeg_cross,
          nicolae_vaults_rhombus_5, vaults_dpeg_diagonal,
          nicolae_vaults_network_star, vaults_room_hallway, vaults_room_hallway,
          grunt_vaults_trifunnel, hangedman_vaults_restitches, v_misc_32,
          ontoclasm_vaults_decontamination, layout_vaults_omnicross,
          serial_shops, shop_fountains, nicolae_square_shop,
          nicolae_lakefront_shop, nicolae_shop_overgrown_old_shop, uniq_boris
Crypt:1:  layout_rooms, corner_web_ring, grunt_megastairs_2
Crypt:2:  layout_catacombs
Crypt:3:  cryptofortress_bobbens, uniq_josephina
Depths:1: minmay_the_grid_octo_tiled_squarecenter_mashed
          [minmay_the_grid_octo_vomiting_pacman, minmay_the_grid_octo_toaster,
          minmay_the_grid_octo_pinwheel, minmay_the_grid_octo_tetromino_candy,
          minmay_the_grid_square_5x5_megaprize_open,
          minmay_the_grid_square_5x5_six_small, minmay_the_grid_square_5x5_plus,
          minmay_the_grid_square_5x5_lines,
          minmay_the_grid_square_5x5_two_walls_a], layout_gridlike, pan_entry,
          hell_entry, hangedman_decor_riveting,
          hellmonk_okawaru_the_only_friend_you_need
Depths:2: cross_vault, layout_cave_pools, enter_ziggurat_f, hellmouth_1,
          rand_demon_pan_entry_1, corexii_corridor_pit,
          amcnicky_mini_rare_corridor_liquid, minmay_staircase_statues
Depths:3: minmay_guarded_unrand_majin_bo, layout_cave_pools, serial_shops,
          nicolae_diamond_shop, abyss_entry, rand_demon_pan_entry_4, hell_entry,
          nicolae_sif_muna_condensation, uniq_frederick
Depths:4: evilmike_zot_entry_basic, layout_basic,
          nicolae_wu_jian_immortal_techniques, hell_entry
Zot:1:    layout_gridlike
Zot:2:    circus_mu, layout_misc_corridors
Zot:3:    kennysheep_blocky_hall, layout_misc_corridors, st_stairs_9,
          grunt_ministairs_13, hangedman_zot_diagonal_lockstep
Zot:4:    cheibrodos_zot_enchanting_chambers, layout_basic,
          st_small_dragon_hoard_1

Skill      XL: |  1  2  3  4  5  6  7  8  9 10 11 12 13 14 15 16 17 18 19 20 21 22 23 24 |
---------------+-------------------------------------------------------------------------+-----
Spellcasting   | 3 4 5 6 8 9 10 11 13 15 16 17 18 19 20 21 22 23 24 25 26 | 26.6
Fighting       | 1 2 3 4 6 7 8 9 10 12 14 15 16 17 18 19 20 21 22 | 22.7
Earth Magic    | 1 2 4 5 6 7 8 9 10 11 13 | 13.5
Stealth        | 2 3 4 5 6 7 8 |  8.0
Armour         | 1 3 5 6 7 8 9 10 11 | 11.5
Dodging        | 2 3 5 6 7 8 10 14 15 | 15.0
Conjurations   | 1 3 4 5 6 7 8 9 10 11 12 13 14 | 14.0
Shields        | 2 3 5 6 7 |  7.0
Necromancy     | 5 6 7 |  7.0
Invocations    | 2 5 |  5.0
Air Magic      | 2 |  2.0
Translocations | 3 4 |  4.8

Action                   |  1- 3 |  4- 6 |  7- 9 | 10-12 | 13-15 | 16-18 | 19-21 | 22-24 || total
-------------------------+-------+-------+-------+-------+-------+-------+-------+-------++-------
Melee: Unarmed           |     7 |       |       |       |       |       |       |       ||     7
       Short sword       |     5 |       |       |       |       |       |       |       ||     5
       Whip              |       |     2 |    93 |    74 |    24 |       |       |       ||   193
       Punch             |       |       |     3 |       |       |       |       |       ||     3
       Spear             |       |       |       |       |    41 |       |       |       ||    41
       Flail             |       |       |       |       |     7 |    17 |       |       ||    24
 Fire: Greatsling        |       |       |       |       |       |    34 |    44 |    82 ||   160
 Cast: Necrotise         |    71 |   114 |   210 |   338 |   244 |       |       |       ||   977
       Vampiric Draining |       |     4 |    20 |    24 |    40 |     3 |     7 |     6 ||   104
       Sandblast         |       |       |    22 |       |       |       |       |       ||    22
       Stone Arrow       |       |       |    32 |    31 |   492 |   542 |   606 |   297 ||  2000
       Animate Dead      |       |       |     3 |     7 |     5 |       |       |     1 ||    16
       Lee's Rapid Decon |       |       |       |       |    40 |    51 |    72 |   102 ||   265
       Iskenderun's Batt |       |       |       |       |   104 |   120 |   138 |    63 ||   425
       Iron Shot         |       |       |       |       |    11 |    89 |   113 |   379 ||   592
       Borgnjor's Vile C |       |       |       |       |       |   109 |   132 |    97 ||   338
       Iskenderun's Myst |       |       |       |       |       |     7 |    32 |    49 ||    88
       Passwall          |       |       |       |       |       |     1 |     2 |     3 ||     6
       Swiftness         |       |       |       |       |       |       |    11 |    17 ||    28
       Orb of Destructio |       |       |       |       |       |       |       |     4 ||     4
       Blink             |       |       |       |       |       |       |       |     1 ||     1
Invok: Recall Ancestor   |       |       |     2 |     4 |    12 |    12 |     6 |     8 ||    44
       Ancestor Life: Ba |       |       |     1 |       |       |       |       |       ||     1
       Ancestor Identity |       |       |     1 |       |       |       |       |       ||     1
       Idealise          |       |       |       |       |       |       |       |     2 ||     2
Evoke: Wand              |       |       |       |       |     1 |       |       |     1 ||     2
       Phantom mirror    |       |       |       |       |       |       |       |     1 ||     1
  Use: Scroll            |       |    10 |     8 |     2 |    14 |     6 |    11 |    14 ||    65
 Stab: Distracted        |       |       |     1 |     2 |     1 |       |       |       ||     4
Armor: Robe              |    12 |    20 |    44 |       |       |       |       |       ||    76
       Steam dragon scal |       |       |     3 |    88 |   179 |   153 |   192 |   130 ||   745
Dodge: Dodged            |    18 |    21 |   151 |   160 |   252 |   205 |   272 |   258 ||  1337
Block: Other             |       |    15 |    59 |     5 |       |       |       |       ||    79
       Reflection        |       |       |     3 |     6 |    35 |    11 |    21 |     5 ||    81
       Buckler           |       |       |       |   159 |   291 |   161 |   142 |   136 ||   889

Table legend: (Time is in decaauts)
 A = Elapsed time spent in this place.
 B = Non-inter-level travel time spent in this place.
 C = Inter-level travel time spent in this place.
 D = Time resting spent in this place.
 E = Time spent auto-exploring this place.
 F = Levels seen in this place.
 G = Mean time per level.
                   A        B        C        D        E       F      G
               +--------+--------+--------+--------+--------+-----+--------+
         Total |  98184 |  91310 |   6874 |  30607 |  38021 |  56 | 1753.3 |
       Dungeon |  24087 |  21645 |   2442 |   5094 |  13267 |  15 | 1605.8 |
        Temple |    197 |    188 |      9 |      0 |    166 |   1 |  197.0 |
          Lair |   9033 |   8468 |    565 |   2565 |   4050 |   5 | 1806.6 |
         Swamp |   7625 |   7171 |    454 |   3049 |   2096 |   4 | 1906.2 |
   Spider Nest |   9018 |   8313 |    705 |   4490 |   2030 |   4 | 2254.5 |
    Slime Pits |   5560 |   5355 |    205 |   2065 |   1804 |   5 | 1112.0 |
  Orcish Mines |   4488 |   4085 |    403 |   1135 |   1875 |   2 | 2244.0 |
   Elven Halls |   7902 |   7183 |    719 |   2341 |   2578 |   3 | 2634.0 |
        Vaults |   8041 |   7620 |    421 |   2273 |   3231 |   3 | 2680.3 |
         Crypt |   5109 |   4900 |    209 |   1591 |   1852 |   3 | 1703.0 |
        Depths |   7975 |   7407 |    568 |   2617 |   2955 |   4 | 1993.8 |
           Zot |   7268 |   7099 |    169 |   2794 |   1497 |   4 | 1817.0 |
       Ossuary |    893 |    893 |      0 |    339 |    236 |   1 |  893.0 |
    Desolation |     25 |     25 |      0 |      0 |      0 |   1 |   25.0 |
      Gauntlet |    956 |    956 |      0 |    254 |    381 |   1 |  956.0 |
               +--------+--------+--------+--------+--------+-----+--------+

Top non-repeatable levels by time:
Spider:2: 4249 daAuts
   Elf:3: 3319 daAuts
 Swamp:1: 3213 daAuts
   Orc:2: 3031 daAuts
Depths:1: 3022 daAuts
Vaults:1: 2959 daAuts
   Elf:2: 2803 daAuts
    D:12: 2641 daAuts
Vaults:3: 2608 daAuts
    D:10: 2575 daAuts
    D:13: 2522 daAuts
 Crypt:3: 2521 daAuts
 Swamp:4: 2512 daAuts
Vaults:2: 2472 daAuts
  Lair:2: 2412 daAuts
